 Dungeon Crawl Stone Soup version 0.21-a0-442-g848f44b (webtiles) character file.

85 Inectha the Conjurer (level 4, -8/24 HPs)
             Began as a Deep Elf Conjurer on Nov 15, 2017.
             Shot with an arrow by a centaur (12 damage)
             ... on level 2 of the Dungeon.
             The game lasted 00:14:37 (2418 turns).

Inectha the Conjurer (Deep Elf Conjurer)            Turns: 2418, Time: 00:14:38

Health: -8/24      AC:  2    Str:  5    XL:     4   Next: 25%
Magic:  4/12       EV: 13    Int: 21    God:
Gold:   45         SH:  0    Dex: 13    Spells: 1/11 levels left

rFire    . . .     SeeInvis .   (no weapon)
rCold    . . .     Gourm    .   (no shield)
rNeg     . . .     Faith    .   a - +0 robe
rPois    .         Spirit   .   (helmet restricted)
rElec    .         Reflect  .   (no cloak)
rCorr    .         Harm     .   (no gloves)
MR       .....                  (no boots)
Stlth    ++........             (no amulet)
HPRegen  0.00/turn              (no ring)
MPRegen  0.13/turn              (no ring)

@: no status effects
A: antennae 1, clumsy 1, deterioration 1, inhibited regeneration
a: no special abilities


You were on level 2 of the Dungeon.
You were hungry.

You visited 1 branch of the dungeon, and saw 2 of its levels.

You collected 45 gold pieces.

Inventory:

Armour
 a - a +0 robe (worn)
Jewellery
 c - an uncursed ring of wizardry {unknown}
 g - a +6 ring of dexterity {unknown}
Scrolls
 e - a scroll of teleportation {unknown}
Books
 b - a book of Conjurations

   Spells                             Type                      Level
   a - Magic Dart                     Conjuration                  1
   b - Searing Ray                    Conjuration                  2
   c - Dazzling Spray                 Conjuration/Hexes            3
   d - Fulminant Prism                Conjuration/Hexes            4
   e - Force Lance                    Conjuration/Translocation    4
   f - Iskenderun's Mystic Blast      Conjuration                  4
Comestibles
 f - 2 bread rations
 h - 2 chunks of flesh


   Skills:
 + Level 3.1 Dodging
 + Level 3.2 Stealth
 * Level 4.3 Spellcasting
 * Level 5.1 Conjurations


You had one spell level left.
You knew the following spells:

 Your Spells              Type           Power        Failure   Level  Hunger
a - Magic Dart            Conj           ####         1%          1    None
b - Searing Ray           Conj           ####..       1%          2    #......
c - Dazzling Spray        Conj/Hex       ###...       12%         3    ##.....
d - Fulminant Prism       Conj/Hex       ###.......   36%         4    ####...


Dungeon Overview and Level Annotations

Branches:
Dungeon (2/15)

Altars:


Innate Abilities, Weirdness & Mutations

You have a pair of small antennae on your head.
You are clumsy. (Dex -2)
Your body sometimes deteriorates upon taking damage.
You do not regenerate when monsters are visible.


Message History

Confirm with . or Enter, or press ? or * to list all spells.
Aiming: Dazzling Spray
Press: ? - help, Shift-Dir - straight line, f/p - centaur
Aim: a centaur, wielding a shortbow of velocity (moderately wounded)
The spray of energy hits the centaur.
The centaur is heavily wounded.
The centaur is dazzled.
You are feeling hungry.
The centaur shoots an arrow.
The arrow barely misses you.
Casting: Dazzling Spray
Confirm with . or Enter, or press ? or * to list all spells.
Aiming: Fulminant Prism
Press: ? - help, Dir - move target cursor, p - centaur You conjure a prism of explosive energy!
The centaur is no longer blind.
The centaur shoots an arrow.
The arrow misses you.
The centaur shoots an arrow.
The arrow misses you.
The centaur shoots an arrow.
The arrow hits you!
Ouch! That really hurt!
You die...

...#
#.........####
#.. ...#
#............#
#.. ####
#........##.##
#.. #........#
.# ###
#.(..(...# #
#.(......#
#........#
#....)...#
#...@....#
+........#
#...*....#
#####c.#.#
##(#.#
.c......#.#
######... #
#.#.. #. ..#


You could see a centaur and a friendly fulminant prism.

Vanquished Creatures
  4 adders (D:2)
  2 leopard geckos
  5 bats
  A giant cockroach (D:1)
  3 goblins (D:1)
  3 hobgoblins
  6 jackals (D:1)
  A quokka (D:2)
  7 frilled lizards
  11 kobolds
  7 rats
50 creatures vanquished.

Notes
Turn   | Place    | Note
-------+----------+-------------------------------------------
     0 | D:1      | Inectha the Deep Elf Conjurer began the quest for the Orb.
     0 | D:1      | Reached XP level 1. HP: 10/10 MP: 6/6
   103 | D:1      | Reached XP level 2. HP: 15/15 MP: 2/8
   108 | D:1      | Learned a level 2 spell: Searing Ray
   830 | D:1      | Reached XP level 3. HP: 19/19 MP: 5/10
   868 | D:1      | Learned a level 3 spell: Dazzling Spray
  1764 | D:2      | Reached skill level 5 in Conjurations
  1964 | D:2      | Reached XP level 4. HP: 24/24 MP: 4/12
  1970 | D:2      | Learned a level 4 spell: Fulminant Prism
  2408 | D:2      | Noticed a centaur
  2413 | D:2      | Gained mutation: Your body sometimes deteriorates upon taking damage. [potion of mutation]
  2413 | D:2      | Gained mutation: You do not regenerate when monsters are visible. [potion of mutation]
  2413 | D:2      | Gained mutation: You are clumsy. (Dex -2) [potion of mutation]
  2413 | D:2      | Gained mutation: You have a pair of small antennae on your head. [potion of mutation]
  2418 | D:2      | Shot with an arrow by a centaur

Vault maps used:
D:1:      saegor_arrival_miasma, palyth_stone_intersect, minmay_pentomino_u2
D:2:      nicolae_gozag_cash_rules_everything_around_me, first_bread

Skill      XL: |  1  2  3 |
---------------+----------+-----
Stealth        | 3 |  3.2
Dodging        | 3 |  3.1
Spellcasting   | 4 |  4.3
Conjurations   | 5 |  5.1

Action                   |  1- 3 |  4- 6 || total
-------------------------+-------+-------++-------
 Cast: Magic Dart        |    72 |    21 ||    93
       Searing Ray       |     5 |       ||     5
       Dazzling Spray    |     3 |     1 ||     4
       Fulminant Prism   |       |     1 ||     1
  Use: Scroll            |       |     1 ||     1
       Potion            |       |     1 ||     1
  Eat: Bread ration      |     1 |       ||     1
Armor: Robe              |     6 |     1 ||     7
Dodge: Dodged            |    57 |     8 ||    65

Table legend:
 A = Spawn XP
 B = Non-spawn XP
 C = Spawn XP percentage of total XP
 D = Spawn monster count
 E = Non-spawn monster count
 F = Spawn count percentage of total count
 G = Total turns spent on level
                    A         B        C        D         E        F      G
               +---------+---------+-------+---------+---------+-------+---------
         Total |       0 |     122 |   0.0 |       0 |      50 |   0.0 |  2418
               +---------+---------+-------+---------+---------+-------+---------
           D:1 |       0 |      54 |   0.0 |       0 |      36 |   0.0 |  1338
           D:2 |       0 |      68 |   0.0 |       0 |      14 |   0.0 |  1080
               +---------+---------+-------+---------+---------+-------+---------
